[Event "World Junior U20 Girls 2018"]
[Site "Gebze"]
[Date "2018.09.12"]
[Round "8"]
[White "Doroy Allaney Jia G"]
[Black "Ivana Maria, Furtado"]
[Result "1-0"]
[ECO "D79"]
[WhiteElo "1914"]
[BlackElo "2144"]
[Annotator "NA"]
[PlyCount "155"]
[EventDate "2018.09.05"]
[EventType "swiss"]
[EventCountry "TUR"]
[SourceTitle "playchess.com"]
[Source "ChessBase"]
[SourceQuality "1"]
[TimeControl "40/5400+30:1800+30"]

1. c4 Nf6 2. g3 g6 3. Bg2 Bg7 4. Nc3 c6 5. Nf3 d5 6. cxd5 cxd5 7. d4 O-O 8. O-O Nc6 9. Ne5 e6 10. Nxc6 bxc6 11. Bf4 Nh5 12. Be3 f5 13. Qd2 Rb8 14. Na4 Qd6 15. Rac1 Ba6 16. Nc5 Bb5 17. b3 f4 18. gxf4 Nxf4 19. Rfe1 Nxe2+ 20. Rxe2 Bxe2 21. Qxe2 e5 22. Qd2 e4 23. Qe2 Rbe8 24. Qa6 Rf7 25. Nb7 Qb8 26. Na5 Qb6 27. Qxb6 axb6 28. Nxc6 Rc7 29. Bf1 Ra8 30. Rc2 Bf8 31. Bf4 Rf7 32. Bg3 Bg7 33. Bh3 Re8 34. Ne5 Bxe5 35. Bxe5 Ra7 36. a4 Rb7 37. Rc6 Kf7 38. Rd6 b5 39. Rd7+ Re7 40. Rxd5 bxa4 41. bxa4 Ra7 42. a5 Reb7 43. Bf1 Rb1 44. Rc5 Ke6 45. Kg2 Ra1 46. Bc4+ Kd7 47. a6 h5 48. d5 R1xa6 49. Bxa6 Rxa6 50. Rc7+ Kd8 51. d6 Ke8 52. Rh7 Rc6 53. Bf4 Rc5 54. Re7+ Kd8 55. Re5 Rc4 56. Rg5 Kd7 57. Rxg6 Rd4 58. Rg7+ Ke6 59. Rh7 Kf5 60. Bg3 Kg6 61. Re7 h4 62. Bxh4 Rxd6 63. Rxe4 Kh5 64. Bg3 Rd3 65. Re5+ Kg6 66. Kh3 Rd4 67. f4 Rd6 68. Kg4 Rd4 69. h4 Rc4 70. h5+ Kh6 71. Re6+ Kh7 72. Kg5 Rc8 73. Re7+ Kh8 74. Bf2 Rg8+ 75. Kh6 Rd8 76. Bd4+ Kg8 77. Rg7+ Kf8 78. Bc5+ 1-0

[Event "World Junior U20 Girls 2018"]
[Site "Gebze"]
[Date "2018.09.12"]
[Round "8"]
[White "Aksoy, Ayca"]
[Black "Urh, Zala"]
[Result "0-1"]
[ECO "D38"]
[WhiteElo "1898"]
[BlackElo "2128"]
[Annotator "NA"]
[PlyCount "94"]
[EventDate "2018.09.05"]
[EventType "swiss"]
[EventCountry "TUR"]
[SourceTitle "playchess.com"]
[Source "ChessBase"]
[SourceQuality "1"]
[TimeControl "40/5400+30:1800+30"]

1. d4 Nf6 2. Nf3 d5 3. c4 e6 4. Nc3 Nbd7 5. cxd5 exd5 6. Bg5 Bb4 7. e3 c5 8. dxc5 Qa5 9. Rc1 Ne4 10. Qxd5 Nxc3 11. bxc3 Bxc3+ 12. Nd2 O-O 13. Bc4 Ne5 14. O-O Bxd2 15. Qxe5 Bxc1 16. Rxc1 Bd7 17. Be7 Rfe8 18. Qd6 Bb5 19. Bd5 Qa6 20. h3 Rac8 21. Rb1 Bc6 22. Bxc6 Qxc6 23. Qxc6 bxc6 24. Rb7 a5 25. Bd6 Re4 26. a3 Rc4 27. Ra7 Ra4 28. Bc7 Rxa3 29. Rxa5 Rxa5 30. Bxa5 f5 31. f4 Ra8 32. Bc3 Ra2 33. Kh2 Rc2 34. Bd4 Kf7 35. Kg3 g6 36. Kf3 Ke6 37. g4 Kd5 38. h4 h5 39. g5 Rd2 40. Be5 Kxc5 41. e4 Rd3+ 42. Ke2 fxe4 43. f5 Kd5 44. Ba1 gxf5 45. g6 Ke6 46. g7 Kf7 47. Be5 c5 0-1

[Event "World Junior U20 Girls 2018"]
[Site "Gebze"]
[Date "2018.09.12"]
[Round "8"]
[White "Nassr, Lina"]
[Black "Cramling Bellon, Anna"]
[Result "0-1"]
[ECO "D04"]
[WhiteElo "1854"]
[BlackElo "2009"]
[Annotator "NA"]
[PlyCount "145"]
[EventDate "2018.09.05"]
[EventType "swiss"]
[EventCountry "TUR"]
[SourceTitle "playchess.com"]
[Source "ChessBase"]
[SourceQuality "1"]
[TimeControl "40/5400+30:1800+30"]

1. d4 Nf6 2. Nf3 d5 3. e3 c5 4. b3 Nc6 5. Bb2 cxd4 6. exd4 Bg4 7. Be2 e6 8. O-O Bd6 9. h3 Bf5 10. Nbd2 O-O 11. a3 Rc8 12. Rc1 Qe7 13. b4 Bf4 14. Ra1 e5 15. dxe5 Nxe5 16. c3 Nd3 17. Bxd3 Bxd3 18. Re1 Qc7 19. Nb3 Bc4 20. Bc1 Bd6 21. Nbd4 Rfe8 22. Be3 Ne4 23. Rc1 a5 24. Nf5 Bf4 25. Qd4 f6 26. Bxf4 Qxf4 27. Ne3 Qd6 28. Rcd1 Bb3 29. Rd3 a4 30. c4 Bxc4 31. Nxc4 Rxc4 32. Qxd5+ Qxd5 33. Rxd5 Kf8 34. Rd4 Rxd4 35. Nxd4 Nc3 36. Rxe8+ Kxe8 37. Kf1 Kd7 38. Ke1 Kd6 39. Nf5+ Ke5 40. Nxg7 Nb1 41. Ne8 Nxa3 42. Kd2 Nc4+ 43. Kc3 b5 44. f4+ Kxf4 45. Nxf6 h6 46. g4 Nd6 47. Kd4 Kg3 48. Nd5 Nc4 49. Nc3 Na3 50. Ke4 Kxh3 51. Kf3 Kh4 52. Kf4 Nc2 53. Nxb5 Nxb4 54. Na3 Nd5+ 55. Kf3 Nf6 56. Nc4 Nxg4 57. Kg2 Nf6 58. Na3 Kg4 59. Kh2 h5 60. Nc4 Nd5 61. Na3 Nc3 62. Kg2 h4 63. Kh2 h3 64. Nc2 Nd1 65. Na3 Ne3 66. Nb1 Nf1+ 67. Kh1 Kg3 68. Nc3 a3 69. Ne2+ Kf3 70. Nc1 h2 71. Na2 Kg3 72. Nc3 a2 73. Nb1 0-1

[Event "World Junior U20 Girls 2018"]
[Site "Gebze"]
[Date "2018.09.12"]
[Round "8"]
[White "Sade, Defne"]
[Black "Aubert, Laurane"]
[Result "1-0"]
[ECO "B45"]
[WhiteElo "1826"]
[BlackElo "1970"]
[Annotator "NA"]
[PlyCount "37"]
[EventDate "2018.09.05"]
[EventType "swiss"]
[EventCountry "TUR"]
[SourceTitle "playchess.com"]
[Source "ChessBase"]
[SourceQuality "1"]
[TimeControl "40/5400+30:1800+30"]

1. e4 c5 2. Nf3 e6 3. d4 cxd4 4. Nxd4 Nf6 5. Nc3 Nc6 6. Be2 Bb4 7. O-O Bxc3 8. bxc3 Nxe4 9. Bd3 Nf6 10. Nb5 O-O 11. Ba3 Ne7 12. Nd6 Ne8 13. Qf3 Nxd6 14. Bxd6 Re8 15. Rfe1 Nc6 16. Re3 b6 17. Bxh7+ Kh8 18. Qh5 Qf6 19. Bg6+ 1-0

[Event "World Junior U20 Girls 2018"]
[Site "Gebze"]
[Date "2018.09.12"]
[Round "8"]
[White "Duran, Esma Doga"]
[Black "Kyrkjebo, Marte B"]
[Result "1-0"]
[ECO "E15"]
[WhiteElo "1825"]
[BlackElo "1935"]
[Annotator "NA"]
[PlyCount "113"]
[EventDate "2018.09.05"]
[EventType "swiss"]
[EventCountry "TUR"]
[SourceTitle "playchess.com"]
[Source "ChessBase"]
[SourceQuality "1"]
[TimeControl "40/5400+30:1800+30"]

1. d4 Nf6 2. c4 e6 3. Nf3 b6 4. g3 Ba6 5. b3 Bb4+ 6. Bd2 Be7 7. Bg2 c6 8. Qc2 O-O 9. O-O d5 10. Bf4 Nbd7 11. Nbd2 Rc8 12. Qb2 Re8 13. Rfe1 Bb7 14. e4 dxe4 15. Nxe4 Nxe4 16. Rxe4 c5 17. Ree1 cxd4 18. Rad1 Bf6 19. Ne5 Bxg2 20. Kxg2 Bxe5 21. Bxe5 Nxe5 22. Rxe5 Qc7 23. Qe2 Qd6 24. Re4 Qc6 25. f3 e5 26. Rxe5 Qd7 27. Rxd4 Rxe5 28. Qxe5 Qb7 29. Qd5 Qe7 30. Re4 Qa3 31. Re2 g6 32. Qd7 Ra8 33. f4 Rf8 34. f5 a5 35. f6 Qc5 36. Re8 h5 37. h4 Kh7 38. Rxf8 Qxf8 39. Qc7 Qe8 40. Kf2 Qe6 41. Qe7 Kg8 42. Qxe6 fxe6 43. Ke3 Kf7 44. a3 Kxf6 45. Kf4 Ke7 46. Ke5 Kd7 47. b4 a4 48. Kf6 Kd6 49. Kxg6 Ke5 50. Kxh5 Kd4 51. Kg6 e5 52. h5 e4 53. h6 e3 54. h7 e2 55. h8=Q+ Kd3 56. Qe5 Kd2 57. c5 1-0

[Event "World Junior U20 Girls 2018"]
[Site "Gebze"]
[Date "2018.09.12"]
[Round "8"]
[White "Catal, Uktenur"]
[Black "Bai, Xue"]
[Result "0-1"]
[ECO "D50"]
[WhiteElo "1809"]
[BlackElo "2073"]
[Annotator "NA"]
[PlyCount "44"]
[EventDate "2018.09.05"]
[EventType "swiss"]
[EventCountry "TUR"]
[SourceTitle "playchess.com"]
[Source "ChessBase"]
[SourceQuality "1"]
[TimeControl "40/5400+30:1800+30"]

1. d4 d5 2. c4 e6 3. Nc3 Nf6 4. Bg5 dxc4 5. e3 Bb4 6. Bxc4 c5 7. Nge2 a6 8. O-O b5 9. Bb3 Bb7 10. dxc5 Nbd7 11. a4 Nxc5 12. axb5 Qxd1 13. Bxd1 O-O 14. Bxf6 gxf6 15. Bc2 axb5 16. Na2 Bd2 17. b4 Be4 18. Bxe4 Nxe4 19. Nd4 Ra4 20. Nc6 Rfa8 21. Na5 Rc8 22. Nb3 Rc2 0-1

[Event "World Junior U20 Girls 2018"]
[Site "Gebze"]
[Date "2018.09.12"]
[Round "8"]
[White "Zairbek kyzy, Begimay"]
[Black "Kanakova, Natalie"]
[Result "0-1"]
[ECO "B06"]
[WhiteElo "1770"]
[BlackElo "2201"]
[Annotator "NA"]
[PlyCount "54"]
[EventDate "2018.09.05"]
[EventType "swiss"]
[EventCountry "TUR"]
[SourceTitle "playchess.com"]
[Source "ChessBase"]
[SourceQuality "1"]
[TimeControl "40/5400+30:1800+30"]

1. e4 c5 2. c3 d5 3. exd5 Qxd5 4. d4 g6 5. Nf3 Bg7 6. Be2 Nf6 7. h3 O-O 8. O-O Nc6 9. Be3 cxd4 10. Nxd4 e5 11. Bf3 e4 12. Be2 b6 13. Nd2 Bb7 14. N2b3 Ne5 15. Nb5 Qc6 16. Qd6 Nd5 17. Bd4 Nf4 18. Bxe5 Nxe2+ 19. Kh1 Qxb5 20. Bxg7 Kxg7 21. Qd2 e3 22. Qd6 Qg5 23. Qh2 Nf4 24. f3 Ba6 25. Rfe1 Nd3 26. f4 Qe7 27. Nd4 Nxe1 0-1

[Event "World Junior U20 Girls 2018"]
[Site "Gebze"]
[Date "2018.09.12"]
[Round "8"]
[White "Yorgun, Yaren Naz"]
[Black "Hu, Yu A"]
[Result "0-1"]
[ECO "B96"]
[WhiteElo "1751"]
[BlackElo "2009"]
[Annotator "NA"]
[PlyCount "98"]
[EventDate "2018.09.05"]
[EventType "swiss"]
[EventCountry "TUR"]
[SourceTitle "playchess.com"]
[Source "ChessBase"]
[SourceQuality "1"]
[TimeControl "40/5400+30:1800+30"]

1. e4 c5 2. Nf3 d6 3. d4 cxd4 4. Nxd4 Nf6 5. Nc3 a6 6. Bg5 e6 7. f4 h6 8. Bh4 Qb6 9. a3 Be7 10. Bf2 Qc7 11. Qf3 Nbd7 12. O-O-O b5 13. g4 Bb7 14. Bd3 Rc8 15. h4 h5 16. g5 Ng4 17. g6 Bf6 18. gxf7+ Kxf7 19. f5 e5 20. Ne6 Qa5 21. Be1 Qb6 22. Be2 Qe3+ 23. Qxe3 Nxe3 24. Rxd6 Ke7 25. Rd2 Nxf5 26. Nd5+ Kxe6 27. exf5+ Kxf5 28. Rf1+ Ke6 29. Nc3 Nc5 30. Bf2 Ne4 31. Nxe4 Bxe4 32. Rfd1 Rc6 33. Bd3 Bxd3 34. Rxd3 g5 35. hxg5 Bxg5+ 36. Kb1 h4 37. Rh3 Kf5 38. Rg1 Rc4 39. c3 Rg4 40. Re1 Rg2 41. Bb6 Kg4 42. Rhh1 Bf4 43. a4 h3 44. axb5 axb5 45. Ka2 h2 46. Kb3 Rh3 47. Ka3 Rd3 48. Rb1 Be3 49. Bc7 Rd5 0-1

[Event "World Junior U20 Girls 2018"]
[Site "Gebze"]
[Date "2018.09.12"]
[Round "8"]
[White "Gur, Tuba"]
[Black "Anandpara Jayendra Saloni"]
[Result "1-0"]
[ECO "D11"]
[WhiteElo "1724"]
[BlackElo "1326"]
[Annotator "NA"]
[PlyCount "81"]
[EventDate "2018.09.05"]
[EventType "swiss"]
[EventCountry "TUR"]
[SourceTitle "playchess.com"]
[Source "ChessBase"]
[SourceQuality "1"]
[TimeControl "40/5400+30:1800+30"]

1. d4 d5 2. Bf4 Bf5 3. c4 c6 4. Nc3 e6 5. Nf3 h6 6. Qb3 b6 7. e3 Nf6 8. Ne5 Bd6 9. Be2 Nfd7 10. Nxf7 Kxf7 11. Bxd6 Nf6 12. Be5 Nbd7 13. f4 Re8 14. O-O Kg8 15. cxd5 cxd5 16. Bb5 a6 17. Bc6 Ra7 18. Qa4 Re7 19. Bd6 Rf7 20. Nb5 Bd3 21. Nxa7 Bxf1 22. Rxf1 Nb8 23. Bxb8 Qxb8 24. Qxa6 Rxa7 25. Qb5 Rxa2 26. f5 Ra5 27. Qd3 Qd6 28. Bb7 Ra2 29. Qb3 Ra7 30. Bc8 exf5 31. Bxf5 Re7 32. Rc1 Kf7 33. Qc2 Rxe3 34. Bg6+ Ke7 35. Qf2 Ng4 36. Qf7+ Kd8 37. Qg8+ Ke7 38. Qe8+ Kf6 39. Qf7+ Kg5 40. Qf5+ Kh4 41. Qh5# 1-0

[Event "World Junior U20 Girls 2018"]
[Site "Gebze"]
[Date "2018.09.12"]
[Round "8"]
[White "Incecik, Seyma Zeynep"]
[Black "Stanciu, Ioana-Georgiana"]
[Result "0-1"]
[ECO "A01"]
[WhiteElo "1716"]
[BlackElo "2000"]
[Annotator "NA"]
[PlyCount "120"]
[EventDate "2018.09.05"]
[EventType "swiss"]
[EventCountry "TUR"]
[SourceTitle "playchess.com"]
[Source "ChessBase"]
[SourceQuality "1"]
[TimeControl "40/5400+30:1800+30"]

1. b3 e5 2. Bb2 d6 3. e3 Nf6 4. d4 exd4 5. Qxd4 Nc6 6. Bb5 Bd7 7. Bxc6 Bxc6 8. Nf3 Be7 9. Nc3 Qd7 10. O-O-O Ng4 11. e4 Bf6 12. e5 dxe5 13. Qxd7+ Bxd7 14. Rhe1 O-O-O 15. Ne4 Bc6 16. Rxd8+ Rxd8 17. h3 Bxe4 18. hxg4 Bxf3 19. gxf3 Bg5+ 20. Kb1 f6 21. Rh1 h6 22. Rf1 Kd7 23. Bc3 Ke6 24. Re1 Kf7 25. Ba5 Rd7 26. Bc3 Kg6 27. Rh1 Bf4 28. a3 Rd6 29. Bb4 Rd5 30. a4 c6 31. Kb2 Kg5 32. Rh5+ Kg6 33. Rh1 a5 34. c4 Rd3 35. Bxa5 Rxf3 36. Bb6 e4 37. Re1 Be5+ 38. Ka2 f5 39. Rd1 Rd3 40. gxf5+ Kxf5 41. Rg1 g5 42. Rh1 Kg6 43. Re1 Kf5 44. Rh1 Bg7 45. a5 g4 46. Rh5+ Kg6 47. Rh2 h5 48. Be3 Bf6 49. Bf4 Rf3 50. Be3 h4 51. Rg2 Kf5 52. Bc5 Rd3 53. Rg1 Bd4 54. Be7 Bxf2 55. Rf1 Rd2+ 56. Kb1 h3 57. Bc5 g3 58. Be3 Re2 59. Bb6 Re1+ 60. Rxe1 Bxe1 0-1

[Event "World Junior U20 Girls 2018"]
[Site "Gebze"]
[Date "2018.09.12"]
[Round "8"]
[White "Rousseau, Christilla"]
[Black "Nemcova, Karin"]
[Result "0-1"]
[ECO "D02"]
[WhiteElo "1677"]
[BlackElo "1990"]
[Annotator "NA"]
[PlyCount "110"]
[EventDate "2018.09.05"]
[EventType "swiss"]
[EventCountry "TUR"]
[SourceTitle "playchess.com"]
[Source "ChessBase"]
[SourceQuality "1"]
[TimeControl "40/5400+30:1800+30"]

1. d4 d5 2. Bf4 Nf6 3. e3 c5 4. c3 e6 5. Nd2 Bd6 6. Bg3 O-O 7. Ngf3 Qc7 8. Bd3 Nbd7 9. Qe2 e5 10. dxe5 Nxe5 11. Nxe5 Bxe5 12. Bxe5 Qxe5 13. Nf3 Qc7 14. h3 Bd7 15. O-O Rfe8 16. Qc2 Bc6 17. Rfd1 Rad8 18. Be2 Qb6 19. Qb3 Qa5 20. a4 Re4 21. Bb5 a6 22. Bxc6 bxc6 23. Nd2 Ree8 24. Nf3 Rb8 25. Qc2 c4 26. Nd4 Qb6 27. Rdb1 c5 28. a5 Qc7 29. Ne2 Rb5 30. Rd1 Rxa5 31. Rxa5 Qxa5 32. Nf4 Rd8 33. Qf5 Qa4 34. Rd2 Qd7 35. Qxd7 Rxd7 36. f3 Kf8 37. h4 Ke7 38. g4 d4 39. exd4 cxd4 40. Rxd4 Rxd4 41. cxd4 Kd6 42. Kf2 Nd5 43. Ng2 c3 44. bxc3 Nxc3 45. Nf4 a5 46. Ke1 Nb5 47. Ne2 Kd5 48. Nc1 Nxd4 49. Kf2 Kc4 50. Ke3 a4 51. f4 a3 52. Na2 Kb3 53. Nc1+ Kc2 54. Na2 Kb2 55. Nb4 Nc2+ 0-1

[Event "World Junior U20 Girls 2018"]
[Site "Gebze"]
[Date "2018.09.12"]
[Round "8"]
[White "Esti, Kubra Selenay"]
[Black "Aydin, Gulenay"]
[Result "0-1"]
[ECO "E73"]
[WhiteElo "1662"]
[BlackElo "1882"]
[Annotator "NA"]
[PlyCount "70"]
[EventDate "2018.09.05"]
[EventType "swiss"]
[EventCountry "TUR"]
[SourceTitle "playchess.com"]
[Source "ChessBase"]
[SourceQuality "1"]
[TimeControl "40/5400+30:1800+30"]

1. d4 Nf6 2. c4 g6 3. Nc3 Bg7 4. e4 d6 5. Be2 O-O 6. Be3 c5 7. d5 e6 8. Nf3 exd5 9. cxd5 Re8 10. Nd2 Nbd7 11. O-O a6 12. a4 Rb8 13. f4 Nf8 14. h3 b5 15. axb5 axb5 16. Qb1 b4 17. Nd1 Bd7 18. Re1 Bb5 19. Bxb5 Rxb5 20. Nf2 Rb7 21. Qd3 N8d7 22. Nc4 Nb6 23. Na5 Ra7 24. Nc6 Rxa1 25. Rxa1 Qc8 26. Ra7 Nfd7 27. Qe2 f5 28. Qf3 Bxb2 29. e5 dxe5 30. Qe2 exf4 31. Qxb2 fxe3 32. Nd3 e2 33. Kf2 Nxd5 34. Nde5 Qxc6 35. Rxd7 Qxd7 0-1